 Dungeon Crawl Stone Soup version 0.31.0-11-ge490571c62 (webtiles) character file.

Game seed: 4193942829601784207

80 qw the Shooter (level 4, -2/25 HPs)
             Began as a Deep Elf Hunter on Feb 5, 2024.
             Slain by a ribbon worm (4 damage)
             ... on level 3 of the Dungeon.
             The game lasted 00:00:06 (1700 turns).

qw the Shooter (Deep Elf Hunter)                    Turns: 1700, Time: 00:00:07

Health: -2/25      AC: 10    Str: 10    XL:     4   Next: 18%
Magic:  6/6        EV:  9    Int: 16    God:
Gold:   98         SH:  0    Dex: 18    Spells: 3/3 levels left

rFire   . . .        a - +0 shortbow
rCold   + . .        (shield currently unavailable)
rNeg    . . .        f - +0 scale mail
rPois   .            (no helmet)
rElec   .            (no cloak)
rCorr   .            (no gloves)
SInv    .            (no boots)
Will    .....        (no amulet)
Stlth   ++           h - ring of Optimism {rC+ Int+2 Stlth+}
HPRegen 0.24/turn    j - +4 ring of protection
MPRegen 0.10/turn

%: no passive effects
@: no status effects
A: no striking features
a: no special abilities


You were on level 3 of the Dungeon.
You visited 1 branch of the dungeon, and saw 3 of its levels.

You collected 98 gold pieces.


   Skills:
 - Level 1.5 Fighting
 + Level 7.6 Ranged Weapons
 - Level 2.4 Dodging
 - Level 1.2 Stealth


You had 3 spell levels left.
You didn't know any spells.
Your spell library was empty.

Inventory:

Hand Weapons
 a - a +0 shortbow (weapon)
Armour
 f - a +0 scale mail (worn)
Jewellery
 c - an amulet of regeneration
 h - the ring of Optimism (left hand) {rC+ Int+2 Stlth+}
   (You found it on level 2 of the Dungeon)

   [ring of protection from cold]

   Int+2:     It affects your intelligence (+2).
   rC+:       It protects you from cold.
   Stlth+:    It makes you more stealthy.
 j - a +4 ring of protection (right hand)
Scrolls
 b - a scroll of immolation {unknown}
 g - a scroll of poison {unknown}
Potions
 d - a potion of cancellation
 e - a potion of mutation

Dungeon Overview and Level Annotations

Branches:
Dungeon (3/15)

Altars:

Shops:
D:3 (


Message History

The ribbon worm is heavily wounded.
The ribbon worm bites you but does no damage.
You shoot an arrow. The arrow hits the ribbon worm.
The ribbon worm is severely wounded.
The ribbon worm bites you but does no damage.
You shoot an arrow. The arrow hits the ribbon worm.
The ribbon worm is almost dead.
The ribbon worm barely misses you.
You shoot an arrow.
The arrow hits the ribbon worm but does no damage.
The ribbon worm is severely wounded.
The ribbon worm bites you.
You shoot an arrow. The arrow hits the ribbon worm.
The ribbon worm is severely wounded.
The ribbon worm expels a string of sticky webbing.
The stream of webbing hits you but does no damage.
You are caught in a web!
The ribbon worm bites you but does no damage.
The ribbon worm bites you but does no damage.
The ribbon worm bites you but does no damage.
The ribbon worm expels a string of sticky webbing.
The stream of webbing hits you but does no damage.
You are even more entangled.
The ribbon worm bites you. The ribbon worm bites you!
The ribbon worm bites you.
The ribbon worm bites you but does no damage.
Enter note:
Enter note:
Enter note:
Enter note:
Enter note:
Enter note:
1699 ||| Stepping randomly (stuck).
The web tears apart.
The ribbon worm bites you.
You shoot an arrow.
The arrow hits the ribbon worm but does no damage.
The ribbon worm is moderately wounded.
The ribbon worm bites you.
You die...

#.# #. #.# #. #.# #.
#.# #.
####################.
#....................
#........###########.
#........# #.
####@##### #. #w# #.
#g# #. ... #. ... ##
..... ..... .......


You could see a ribbon worm and a hobgoblin.

Vanquished Creatures
  An adder (D:3)
  3 ribbon worms
  2 dart slugs
  5 orcs (D:3)
  7 ball pythons
  An endoplasm (D:1)
  3 giant cockroaches
  3 goblins
  4 hobgoblins
  5 kobolds
  2 quokkas
  3 bats
  4 frilled lizards
  10 rats
53 creatures vanquished.

Notes
Turn   | Place    | Note
-------+----------+-------------------------------------------
     0 | D:1      | qw the Deep Elf Hunter began the quest for the Orb.
     0 | D:1      | Reached XP level 1. HP: 12/12 MP: 3/3
     0 | D:1      | 0 ||| qw: Version: 0.3-a-160-g6735b56
     0 | D:1      | 0 ||| qw: Game counter: 6227
     0 | D:1      | 0 ||| qw: Melee chars always use a shield: true
     0 | D:1      | 0 ||| qw: God list: Okawaru
     0 | D:1      | 0 ||| qw: Allow faded altars: false
     0 | D:1      | 0 ||| qw: Do Orc after clearing Dungeon:15 true
     0 | D:1      | 0 ||| qw: Do second Lair branch before Depths: true
     0 | D:1      | 0 ||| qw: Lair rune preference: random
     0 | D:1      | 0 ||| qw: Goals: Normal
     0 | D:1      | 0 ||| PLANNING D:1-11
   150 | D:1      | Reached XP level 2. HP: 16/16 MP: 4/4
   151 | D:1      | Reached skill level 6 in Ranged Weapons
   659 | D:1      | 659 ||| READING 2 scrolls labelled LAKKEE FIVO.
   659 | D:1      | 659 ||| IDENTIFYING blue potion
   660 | D:1      | 660 ||| READING scroll of identify.
   660 | D:1      | 660 ||| IDENTIFYING 2 viscous sapphire potions
   661 | D:1      | 661 ||| READING scroll labelled XAVUHOH COWOV.
   662 | D:1      | 662 ||| DROPPING scroll of butterflies.
   663 | D:1      | 663 ||| DROPPING 2 potions of magic.
   763 | D:2      | Reached XP level 3. HP: 20/20 MP: 5/5
   981 | D:2      | Identified the ring of Optimism {rC+ Int+2 Stlth+}
  1072 | D:2      | Reached skill level 7 in Ranged Weapons
  1141 | D:2      | 1141 ||| UPGRADING to +0 scale mail.
  1151 | D:2      | 1151 ||| DROPPING +0 leather armour.
  1152 | D:2      | 1152 ||| DROPPING amulet of magic regeneration.
  1153 | D:2      | 1153 ||| UPGRADING to ring of Optimism {rC+ Int+2 Stlth+}.
  1154 | D:2      | 1154 ||| UPGRADING to +4 ring of protection.
  1155 | D:2      | 1155 ||| READING scroll of identify.
  1155 | D:2      | 1155 ||| IDENTIFYING metallic green potion
  1156 | D:2      | 1156 ||| READING scroll labelled RIATHEN FEAH.
  1456 | D:3      | Reached XP level 4. HP: 22/25 MP: 6/6
  1487 | D:3      | Found Goblen's Weapon Shop.
  1696 | D:3      | HP: 3/25 [ribbon worm (4)]
  1699 | D:3      | 1699 ||| Stepping randomly (stuck).
  1700 | D:3      | Slain by a ribbon worm

Levels and vault maps discovered:
D:1:      dpeg_arrival_concentric_ovals, layout_basic
D:2:      layout_rooms
D:3:      layout_basic, serial_shops, nicolae_shop_tiny_real_fake_doors, shop,
          nicolae_shop_peninsula, shop

Skill      XL: |  1  2  3 |
---------------+----------+-----
Ranged Weapons | 6 7 |  7.6
Fighting       | |  1.5
Dodging        | |  2.4
Stealth        | |  1.2

Action                     |  1- 3 |  4- 6 || total
---------------------------+-------+-------++-------
   Fire: Shortbow          |   144 |    36 ||   180
    Use: Scroll            |     5 |       ||     5
 Armour: Leather armour    |    12 |       ||    12
         Scale mail        |     7 |    18 ||    25
  Dodge: Dodged            |    23 |    10 ||    33

Table legend:
 A = Non-vault XP
 B = Vault XP
 C = Vault XP percentage of total XP
 D = Non-vault monster count
 E = Vault monster count
 F = Vault count percentage of total count
                 A         B        C        D         E       F
            +---------+---------+-------+---------+---------+-------
      Total |     115 |       0 |   0.0 |      53 |       0 |   0.0
            +---------+---------+-------+---------+---------+-------
        D:1 |      24 |       0 |   0.0 |      15 |       0 |   0.0
        D:2 |      42 |       0 |   0.0 |      21 |       0 |   0.0
        D:3 |      49 |       0 |   0.0 |      17 |       0 |   0.0
            +---------+---------+-------+---------+---------+-------
